 Dungeon Crawl Stone Soup version 0.20.1-1-g8b1a95d (webtiles) character file.

26 Lorindel the Magician (level 2, 0/15 HPs)
             Began as a Deep Elf Wizard on July 24, 2017.
             Was a Follower of Nemelex Xobeh.
             Slain by a rat (2 damage)
             ... on level 2 of the Dungeon.
             The game lasted 00:06:11 (1133 turns).

Lorindel the Magician (Deep Elf Wizard)             Turns: 1133, Time: 00:06:11

Health: 0/15       AC:  2    Str:  4    XL:     2   Next: 89%
Magic:  10/10      EV: 13    Int: 22    God:    Nemelex Xobeh [*.....]
Gold:   23         SH:  0    Dex: 13    Spells: 4/11 levels left

rFire    . . .     SeeInvis .   j - -2 short sword (curse)
rCold    . . .     Gourm    .   (no shield)
rNeg     . . .     Faith    .   a - +0 robe
rPois    .         Spirit   .   b - +0 hat
rElec    .         Reflect  .   (no cloak)
rCorr    .         Harm     .   (no gloves)
MR       .....                  (no boots)
Stlth    ++........             (no amulet)
Regen    0.1/turn               (no ring)
MPRegen  0.2/turn               (no ring)

@: no status effects
A: no striking features
a: Renounce Religion


You were on level 2 of the Dungeon.
You worshipped Nemelex Xobeh.
Nemelex Xobeh was aware of your devotion.
You were hungry.

You visited 1 branch of the dungeon, and saw 2 of its levels.

You collected 23 gold pieces.

Inventory:

Hand Weapons
 j - a cursed -2 short sword (weapon)
 l - a +0 club
 o - a +0 mace
Missiles
 k - 29 stones (quivered)
Armour
 a - a +0 robe (worn)
 b - a +0 hat (worn)
Scrolls
 h - a scroll of magic mapping
 n - 2 scrolls of teleportation
 p - a scroll of enchant weapon {unknown}
 r - a scroll of noise {unknown}
Potions
 e - a potion of magic
 f - a potion of agility
 g - a potion of brilliance {unknown}
 m - a potion of haste {unknown}
Books
 c - a book of Minor Magic

   Spells                             Type                      Level
   a - Magic Dart                     Conjuration                  1
   b - Blink                          Translocation                2
   c - Call Imp                       Summoning                    2
   d - Slow                           Hexes                        2
   e - Conjure Flame                  Conjuration/Fire             3
   f - Mephitic Cloud                 Conjuration/Poison/Air       3
Comestibles
 d - 3 bread rations
 i - 4 meat rations
 q - a chunk of flesh


   Skills:
 + Level 0.1 Fighting
 + Level 3.0 Dodging
 + Level 2.5 Stealth
 * Level 5.0 Spellcasting
 + Level 1.2 Conjurations
 + Level 0.3 Hexes
 + Level 1.4 Summonings
 + Level 1.2 Translocations


You had 4 spell levels left.
You knew the following spells:

 Your Spells              Type           Power        Failure   Level  Hunger
a - Magic Dart            Conj           ##..         6%          1    None
b - Call Imp              Summ           ##......     9%          2    None
c - Slow                  Hex            #.......     13%         2    None
d - Blink                 Tloc           N/A          10%         2    None


Dungeon Overview and Level Annotations

Branches:
Dungeon (2/15)

Altars:
Nemelex Xobeh


Message History

The bat hits you but does no damage. x2; The rat bites you but does no damage.
The bat closely misses you. The rat misses you.
The bat hits you but does no damage. The rat barely misses you.
The bat closely misses you. The bat hits you. The rat barely misses you.
The bat closely misses you. The rat bites you.
* * * LOW HITPOINT WARNING * * *
The rat barely misses you. The bat closely misses you. The bat misses you.
The bat hits you but does no damage. The rat barely misses you.
The bat hits you.
* * * LOW HITPOINT WARNING * * *
The rat closely misses you. The rat bites you.
* * * LOW HITPOINT WARNING * * *
The bat barely misses you. The bat barely misses you. The rat misses you.
The rat misses you. The bat barely misses you. The bat barely misses you.
The bat misses you. The rat bites you.
You die...
Your body disappears without a glow.

#.#####
#.#.......### ..
#>#.#....... #.
#.#.#....... #.
#.#.#....... #.
#.#.#.(..... #.
#.#.#....... # #.
#.#.#.....<.
....##b##$#.........
#...r@....#.###.#.
.%...#.##.#.#.# #.#
#. #.#.#.# ..
....#.[ ##.##.#####
#. ... #. ... #. .##


You could see a bat and a rat.

Vanquished Creatures
  2 dart slugs (D:1)
  2 goblins (D:1)
  2 hobgoblins (D:1)
  A quokka (D:2)
  4 bats (D:1)
  3 frilled lizards
  3 kobolds
  5 rats (D:1)
22 creatures vanquished.

Vanquished Creatures (collateral kills)
  A worm (D:2)
1 creature vanquished.

Grand Total: 23 creatures vanquished

Notes
Turn   | Place    | Note
-------+----------+-------------------------------------------
     0 | D:1      | Lorindel the Deep Elf Wizard began the quest for the Orb.
     0 | D:1      | Reached XP level 1. HP: 10/10 MP: 7/7
   301 | D:1      | Reached XP level 2. HP: 15/15 MP: 2/9
   307 | D:1      | Learned a level 2 spell: Call Imp
   319 | D:1      | Learned a level 2 spell: Slow
   322 | D:1      | Learned a level 2 spell: Blink
   985 | D:2      | Reached skill level 5 in Spellcasting
  1006 | D:2      | Found a faded altar of an unknown god.
  1057 | D:2      | Became a worshipper of Nemelex Xobeh the Trickster
  1057 | D:2      | Received a gift from Nemelex Xobeh
  1057 | D:2      | Reached * piety under Nemelex Xobeh
  1133 | D:2      | Slain by a rat

Skill      XL: |  1  2 |
---------------+-------+-----
Dodging        | 3 |  3.0
Spellcasting   | 5 |  5.0
Fighting       | |  0.1
Stealth        | |  2.5
Conjurations   | |  1.2
Hexes          | |  0.3
Summonings     | |  1.4
Translocations | |  1.2

Action                   || total
-------------------------++-------
Melee: Unarmed           ||    12
       Short sword       ||     5
 Cast: Magic Dart        ||    47
       Call Imp          ||     2
       Slow              ||     1
  Use: Scroll            ||     6
Armor: Robe              ||    14
Dodge: Dodged            ||    45
